[Event "Titled Tuesday Blitz July 26 Late 2022"]
[White "Sanchez Alarcon, Juan"]
[Black "Arencibia Monduy, Antonio"]
[WhiteFideId "3401332"]
[BlackFideId "3507939"]
[WhiteElo "2164"]
[BlackElo "2501"]
[Result "1-0"]
[Round "09"]
[TimeControl "180+1"]
[Date "2022.07.27"]
[WhiteClock "0:00:35"]
[BlackClock "0:00:01"]

1. e4 c5 2. c3 d6 3. d4 cxd4 4. cxd4 d5 5. exd5 Nf6 6. Nf3 Nxd5 7. Nc3 e6 8. Bd3 Be7 9. O-O Nc6 10. Qe2 Bf6 11. Nxd5 Qxd5 12. Be3 O-O 13. Rfd1 Rd8 14. Bc4 Qd6 15. Rac1 Ne7 16. Bg5 Bxg5 17. Nxg5 h6 18. Ne4 Qf4 19. Rc3 b6 20. Rf3 Qc7 21. Rc3 Qd7 22. Qg4 Ng6 23. d5 Bb7 24. Rcd3 exd5 25. Qxd7 Rxd7 26. Bxd5 Bxd5 27. Rxd5 Rxd5 28. Rxd5 Re8 29. f3 Re7 30. Kf2 Nf4 31. Rd8+ Kh7 32. b4 f5 33. Ng3 g6 34. Rd4 Ne6 35. Rd6 Kg7 36. Ne2 Kf7 37. Nd4 Nf4 38. a3 Nd3+ 39. Kg3 Ne1 40. h4 h5 41. Kf2 Nd3+ 42. Kg3 f4+ 43. Kh3 Nf2+ 44. Kh2 Re1 45. g3 Rd1 46. gxf4 Nd3 47. Nc6 1-0


[Site "https://www.chess.com"]

[Event "Titled Tuesday Blitz July 26 Late 2022"]
[White "Sarana, Alexey"]
[Black "Andreikin, Dmitry"]
[WhiteFideId "24133795"]
[BlackFideId "4158814"]
[WhiteElo "2666"]
[BlackElo "2736"]
[Result "1/2-1/2"]
[Round "09"]
[TimeControl "180+1"]
[Date "2022.07.26"]
[WhiteClock "0:02:12"]
[BlackClock "0:02:13"]

1. d4 d5 2. c4 e6 3. Nc3 Nf6 4. cxd5 exd5 5. Bg5 c6 6. e3 h6 7. Bh4 Bf5 8. Qf3 Bh7 9. Bxf6 Qxf6 10. Qxf6 gxf6 11. Nge2 Nd7 12. Nf4 Bd6 13. Nh5 Bg6 14. Be2 Rg8 15. g3 Ke7 16. Kd2 Nb6 17. Nf4 a5 18. Bd3 Bxd3 19. Kxd3 f5 20. b3 Kd7 21. Rab1 Nc8 22. Ng2 Ba3 23. Na4 Kc7 24. Nh4 Nd6 25. Nc3 Rae8 1/2-1/2


[Site "https://www.chess.com"]

[Event "Titled Tuesday Blitz July 26 Late 2022"]
[White "Sibilio, Mario"]
[Black "Melikhov, Evgeny V."]
[WhiteFideId "800422"]
[BlackFideId "4122046"]
[WhiteElo "2296"]
[BlackElo "1995"]
[Result "0-1"]
[Round "09"]
[TimeControl "180+1"]
[Date "2022.07.27"]
[WhiteClock "0:00:12"]
[BlackClock "0:00:23"]

1. d4 Nf6 2. c4 e6 3. Nc3 Bb4 4. Bg5 c5 5. d5 d6 6. e3 exd5 7. cxd5 Nbd7 8. Bb5 Qa5 9. Bxd7+ Nxd7 10. Ne2 Ne5 11. a3 Bxc3+ 12. Nxc3 Qa6 13. Qe2 Qxe2+ 14. Kxe2 a6 15. Bf4 f6 16. a4 b6 17. Bg3 Bd7 18. b3 Ke7 19. f4 Nf7 20. e4 b5 21. Kd3 Rhb8 22. axb5 axb5 23. Rhe1 b4 24. Ne2 Bb5+ 25. Kd2 Ra3 26. Rxa3 bxa3 27. Nc3 Bd7 28. Kc2 c4 29. bxc4 Rb2+ 30. Kd3 Rxg2 31. Ra1 h5 32. Ra2 Rxa2 33. Nxa2 g5 34. Kc3 h4 35. Bf2 gxf4 36. Bxh4 Ne5 37. Kb3 f3 38. Nc1 a2 39. Kxa2 Nxc4 40. Kb3 Nd2+ 41. Kc3 Nxe4+ 42. Kd4 f2 0-1


[Site "https://www.chess.com"]

[Event "Titled Tuesday Blitz July 26 Late 2022"]
[White "Sivakumar, Shaashwath"]
[Black "Gracia Alvarez, Gerardo Antonio"]
[WhiteFideId "30912156"]
[BlackFideId "5109124"]
[WhiteElo "1823"]
[BlackElo "2139"]
[Result "1-0"]
[Round "09"]
[TimeControl "180+1"]
[Date "2022.07.27"]
[WhiteClock "0:00:23"]
[BlackClock "0:00:02"]

1. d4 d5 2. c4 e6 3. Nc3 c5 4. cxd5 cxd4 5. Qa4+ Bd7 6. Qxd4 exd5 7. Nf3 Nc6 8. Qd1 Bc5 9. e3 Nf6 10. Be2 O-O 11. O-O Qe7 12. a3 Rfd8 13. b4 Bd6 14. Nxd5 Nxd5 15. Qxd5 Qf6 16. Rb1 Bf5 17. Bb2 Bxh2+ 18. Nxh2 Rxd5 19. Bxf6 Bxb1 20. Rxb1 gxf6 21. Ng4 Kg7 22. Rc1 Rd2 23. Bf3 Rad8 24. Rc5 R8d6 25. Be4 Ne7 26. Bxb7 f5 27. Ne5 Rd1+ 28. Kh2 Rh6+ 29. Kg3 Ng6 30. Nf3 Rh5 31. Rc7 a5 32. bxa5 f4+ 33. exf4 Rxa5 34. Ng5 Rf5 35. Be4 Rf6 36. f5 1-0


[Site "https://www.chess.com"]

[Event "Titled Tuesday Blitz July 26 Late 2022"]
[White "Tanenbaum, Zachary"]
[Black "Agasarov, Benik"]
[WhiteFideId "2060850"]
[BlackFideId "13314823"]
[WhiteElo "2175"]
[BlackElo "2626"]
[Result "1-0"]
[Round "09"]
[TimeControl "180+1"]
[Date "2022.07.26"]
[WhiteClock "0:00:07"]
[BlackClock "0:00:16"]

1. e4 e5 2. Nf3 Nc6 3. Bc4 Nf6 4. d3 Bc5 5. c3 O-O 6. Nbd2 d6 7. a4 a5 8. Nf1 Be6 9. Bxe6 fxe6 10. Ng3 Ba7 11. O-O Qe8 12. Be3 Bxe3 13. fxe3 Qg6 14. Qb3 Nd8 15. Nd2 b6 16. Rf3 Re8 17. Nc4 Nb7 18. Raf1 Nc5 19. Qc2 Rf8 20. h3 Nfd7 21. Kh2 Rxf3 22. Rxf3 Rf8 23. Rxf8+ Nxf8 24. b4 Nb7 25. bxa5 Nxa5 26. Nxa5 bxa5 27. Qb3 Qe8 28. Nf1 Qc6 29. Kg1 Kf7 30. Nd2 Nd7 31. d4 Nb6 32. Qd1 Qxc3 33. Qh5+ Kf8 34. Nf3 Qxe3+ 35. Kh1 Qc1+ 36. Kh2 Qf4+ 37. Kh1 exd4 38. Nxd4 Qxe4 39. Nf3 Qf5 40. Qh4 h6 41. Qd8+ Kf7 42. Qxc7+ Kg8 43. Qxb6 Qf4 44. Qxa5 e5 45. Qd5+ Kh7 46. Qxd6 Qc1+ 47. Kh2 Qf4+ 48. Kh1 Qc1+ 49. Ng1 e4 50. Qe5 e3 51. Qe4+ Kh8 52. Kh2 Qc7+ 53. Kh1 Qc1 54. Kh2 Qc7+ 55. g3 Qc3 56. Kg2 Qd2+ 57. Kh1 Qf2 58. a5 Qxg3 59. a6 e2 60. Qxe2 Qc7 61. Qe8+ Kh7 62. Qe4+ Kh8 63. Qb7 Qa5 64. a7 Qxa7 65. Qxa7 Kh7 66. Qc5 Kg6 67. h4 Kh7 68. Qf5+ g6 69. Qf7+ Kh8 70. Qxg6 h5 71. Qg5 Kh7 72. Ne2 Kh8 73. Ng3 Kh7 74. Nxh5 Kh8 75. Qg7# 1-0


[Site "https://www.chess.com"]

[Event "Titled Tuesday Blitz July 26 Late 2022"]
[White "Vagman, Roy"]
[Black "Wagner, Dennis"]
[WhiteFideId "2828995"]
[BlackFideId "24650684"]
[WhiteElo "1956"]
[BlackElo "2355"]
[Result "0-1"]
[Round "09"]
[TimeControl "180+1"]
[Date "2022.07.26"]
[WhiteClock "0:00:03"]
[BlackClock "0:00:13"]

1. Nf3 Nf6 2. g3 b6 3. Bg2 Bb7 4. O-O g6 5. c4 Bg7 6. Nc3 O-O 7. d3 c5 8. e4 d6 9. Ne1 Nc6 10. Nc2 Rc8 11. h3 Nd7 12. Kh2 Nd4 13. Nxd4 cxd4 14. Ne2 f5 15. Nf4 Nc5 16. b4 e5 17. Nd5 Nd7 18. h4 Nf6 19. Bg5 Bxd5 20. cxd5 Rc3 21. Rc1 Ng4+ 22. Kg1 Bf6 23. Rxc3 dxc3 24. Bxf6 Nxf6 25. Qb3 Qc7 26. Rc1 Rc8 27. Bh3 Ng4 28. f3 Nh6 29. Rc2 b5 30. Kh2 Kg7 31. g4 fxg4 32. fxg4 g5 33. hxg5 Nf7 34. g6 hxg6 35. g5 Nxg5 36. Bxc8 Qxc8 37. Qxc3 Qg4 38. Qc7+ Kh6 39. Rf2 Qh4+ 40. Kg2 Qh3+ 41. Kg1 Qg3+ 42. Kf1 Qxd3+ 43. Kg2 Qxe4+ 44. Kg1 Nh3+ 45. Kh2 Nxf2 46. Qd8 Ng4+ 47. Kg3 Qf4+ 48. Kg2 Qf2+ 49. Kh3 Qf3+ 50. Kh4 Qf6+ 51. Qxf6 Nxf6 52. a4 Nxd5 53. axb5 Nxb4 54. b6 axb6 55. Kg4 Nc6 56. Kf3 d5 0-1


[Site "https://www.chess.com"]

[Event "Titled Tuesday Blitz July 26 Late 2022"]
[White "Veiga, Jose Francisco R P Neves"]
[Black "Rosen, Eric"]
[WhiteFideId "1930087"]
[BlackFideId "2032562"]
[WhiteElo "2288"]
[BlackElo "2362"]
[Result "1/2-1/2"]
[Round "09"]
[TimeControl "180+1"]
[Date "2022.07.27"]
[WhiteClock "0:00:07"]
[BlackClock "0:00:01"]

1. Nf3 d5 2. e3 Nf6 3. c4 e6 4. b3 Bd6 5. Bb2 Nbd7 6. Nc3 c6 7. Qc2 dxc4 8. Bxc4 e5 9. d4 exd4 10. Nxd4 Ne5 11. Be2 O-O 12. O-O Qc7 13. Nf5 Bxf5 14. Qxf5 Ng6 15. g3 Rfe8 16. Rfd1 Rad8 17. Rac1 Qe7 18. Bf3 Ba3 19. Bxa3 Qxa3 20. Kg2 Qb4 21. Rxd8 Rxd8 22. Rd1 Qe7 23. Rxd8+ Qxd8 24. h4 h6 25. Ne4 Nxe4 26. Bxe4 Qe7 27. h5 Nf8 28. Bf3 Nd7 29. Qa5 a6 30. Qc7 Qe6 31. Qxb7 Ne5 32. Qxa6 Qf5 33. Qe2 f6 34. e4 Qe6 35. Qe3 Kh8 36. Be2 Nf7 37. Bc4 Qe7 38. Bxf7 Qxf7 39. g4 Qe6 40. f3 Qe5 41. Qd2 c5 42. a4 c4 43. bxc4 Qa1 44. a5 f5 45. exf5 Qa4 46. c5 Kh7 47. Qc3 Qa2+ 48. Kg3 Qb1 49. c6 Qg1+ 50. Kf4 Qh2+ 51. Ke4 Qc7 52. Kd5 Qd8+ 53. Kc5 Qc7 54. Kb5 g5 55. a6 Qf7 56. Qc4 Kg7 57. Qxf7+ Kh8 58. a7 1/2-1/2


[Site "https://www.chess.com"]

[Event "Titled Tuesday Blitz July 26 Late 2022"]
[White "Vlassov, Nikolai"]
[Black "Aaron, Deepak"]
[WhiteFideId "4103360"]
[BlackFideId "2009412"]
[WhiteElo "2324"]
[BlackElo "2637"]
[Result "1-0"]
[Round "09"]
[TimeControl "180+1"]
[Date "2022.07.26"]
[WhiteClock "0:00:20"]
[BlackClock "0:00:01"]

1. e4 e6 2. c4 d5 3. cxd5 exd5 4. Qb3 Nf6 5. e5 Ne4 6. Nc3 Nxc3 7. bxc3 Be7 8. d4 O-O 9. Bd3 c5 10. Qc2 cxd4 11. Bxh7+ Kh8 12. Bd3 dxc3 13. Nf3 Nc6 14. O-O d4 15. Qe2 g6 16. Bh6 Re8 17. Bc4 Bf8 18. Bg5 Qc7 19. Qe4 Nxe5 20. Nxe5 Qxe5 21. Qh4+ Kg8 22. Bf6 Qh5 23. Qxd4 Be6 24. Bxe6 Rxe6 25. Qxc3 Rc6 26. Qb2 Qf5 27. Bd4 b6 28. Rac1 Rac8 29. Rxc6 Rxc6 30. h3 Rc2 31. Qb3 Rd2 32. Ba1 Bc5 33. Qc3 Rd4 34. Qe3 Re4 35. Qh6 Bd4 36. Bxd4 Rxd4 37. Re1 Rd8 38. a4 a6 39. Qe3 b5 40. Qb6 Rd5 41. Qxa6 1-0


[Site "https://www.chess.com"]

[Event "Titled Tuesday Blitz July 26 Late 2022"]
[White "Vovk, Orest"]
[Black "Baltaci, Ismail Tarik"]
[WhiteFideId "14113490"]
[BlackFideId "6365213"]
[WhiteElo "2203"]
[BlackElo "2286"]
[Result "1-0"]
[Round "09"]
[TimeControl "180+1"]
[Date "2022.07.27"]
[WhiteClock "0:00:06"]
[BlackClock "0:00:15"]

1. h3 d5 2. e4 dxe4 3. Nc3 Nf6 4. Qe2 e5 5. Nxe4 Be7 6. Nxf6+ Bxf6 7. Qe4 Nc6 8. Bc4 O-O 9. Nf3 Nd4 10. Nxd4 exd4 11. O-O Re8 12. Qf3 c6 13. d3 Be6 14. Bxe6 Rxe6 15. Bf4 Qe7 16. Bd2 Re8 17. Rae1 Qd7 18. Rxe6 Rxe6 19. Qg4 Qe8 20. Qd1 Re2 21. Re1 Rxe1+ 22. Qxe1 Qxe1+ 23. Bxe1 Kf8 24. Kf1 Ke7 25. Ke2 Ke6 26. g4 g6 27. Kf3 Be5 28. Ke4 f5+ 29. gxf5+ gxf5+ 30. Kf3 Kd5 31. Bb4 b5 32. Bf8 c5 33. b3 c4 34. bxc4+ bxc4 35. Bb4 a6 36. Bd2 c3 37. Bf4 Bf6 38. Bb8 Bg5 39. Ba7 Bd2 40. Kg3 Bg5 41. f3 Be3 42. Kh4 Ke5 43. Bb8+ Kf6 44. Kh5 Bd2 45. Bc7 Be3 46. f4 Bd2 47. Be5+ Ke6 48. Kh6 Kd5 49. Kxh7 Be1 50. Kg6 Bf2 51. Kxf5 a5 52. Kg4 a4 53. Kf3 Be3 54. h4 Kc5 55. h5 Kb4 56. Bd6+ Kb5 57. h6 Kc6 58. Be5 Kd5 59. h7 Bxf4 1-0


[Site "https://www.chess.com"]

[Event "Titled Tuesday Blitz July 26 Late 2022"]
[White "Weetik, Vjacheslav"]
[Black "Barria Zuniga, Daniel"]
[WhiteFideId "4153472"]
[BlackFideId "3400816"]
[WhiteElo "2469"]
[BlackElo "2414"]
[Result "0-1"]
[Round "09"]
[TimeControl "180+1"]
[Date "2022.07.26"]
[WhiteClock "0:00:02"]
[BlackClock "0:00:03"]

1. d4 Nf6 2. c4 e6 3. g3 d5 4. Nf3 Be7 5. Bg2 O-O 6. O-O dxc4 7. Qc2 a6 8. a4 c5 9. dxc5 Bxc5 10. Nbd2 Nc6 11. Nxc4 Qe7 12. Bf4 Nd5 13. Bg5 f6 14. Bd2 Rd8 15. a5 e5 16. Rfc1 Ba7 17. e3 Be6 18. Nh4 Rd7 19. Nf5 Qf8 20. Qe4 Rad8 21. Be1 g6 22. Nh4 f5 23. Qc2 Ndb4 24. Qa4 Nd3 25. Rc3 e4 26. Bf1 g5 27. Ng2 Nde5 28. Nb6 Bxb6 29. axb6 Nf3+ 30. Kh1 Qh6 31. h4 gxh4 32. g4 Rg7 33. Nf4 Rxg4 34. Bg2 Rxf4 35. exf4 Ncd4 36. Rc7 Qxf4 37. Bxf3 Nxf3 38. Kg2 Qh2+ 39. Kf1 Qg1+ 40. Ke2 Qg4 41. Kf1 Nh2# 0-1


[Site "https://www.chess.com"]

[Event "Titled Tuesday Blitz July 26 Late 2022"]
[White "Winkels, Marcel"]
[Black "Hoffmann, Asa"]
[WhiteFideId "1003887"]
[BlackFideId "2001470"]
[WhiteElo "1900"]
[BlackElo "2117"]
[Result "0-1"]
[Round "09"]
[TimeControl "180+1"]
[Date "2022.07.27"]
[WhiteClock "0:00:02"]
[BlackClock "0:00:03"]

1. e4 d6 2. d4 Nf6 3. Nc3 c6 4. f4 Qa5 5. Bd2 e5 6. Nf3 exd4 7. Nxd4 Qb6 8. Nb3 a5 9. Qe2 a4 10. Be3 Qb4 11. a3 axb3 12. axb4 Rxa1+ 13. Kf2 Ng4+ 14. Kg3 h5 15. h3 h4+ 16. Kf3 Nxe3 17. Qxe3 bxc2 18. Ne2 Re1 19. Qd2 Ra1 20. Nc1 Be7 21. Bd3 Na6 22. Bxa6 bxa6 23. Qxc2 c5 24. bxc5 dxc5 25. Rd1 O-O 26. Nb3 Rxd1 27. Qxd1 Rd8 28. Qc2 Be6 29. Nxc5 Rc8 30. b4 a5 31. Qd2 Bxc5 32. bxc5 Rxc5 33. f5 Bb3 34. Qd4 Rc1 35. Qd8+ Kh7 36. Qxh4+ Kg8 37. Qd8+ Kh7 38. Qd2 Rc2 39. Qxa5 Rc4 40. Qb5 Ba2 41. Qb2 Ra4 42. Kg3 f6 43. Qb5 Ra3+ 44. Kh2 Bf7 45. Qd7 Bh5 46. Qd6 Re3 47. Qf4 Re2 48. Kg1 g5 49. fxg6+ Bxg6 50. Qxf6 Rxe4 51. Qf8 Re6 52. Qf4 Kg7 53. g4 Rf6 54. Qc7+ Rf7 55. Qe5+ Kg8 56. h4 Bh7 57. h5 Bd3 0-1


[Site "https://www.chess.com"]

[Event "Titled Tuesday Blitz July 26 Late 2022"]
[White "Yuan, Qingyu"]
[Black "Hjartarson, Johann"]
[WhiteFideId "8609772"]
[BlackFideId "2300044"]
[WhiteElo "2359"]
[BlackElo "2458"]
[Result "1-0"]
[Round "09"]
[TimeControl "180+1"]
[Date "2022.07.26"]
[WhiteClock "0:01:03"]
[BlackClock "0:00:59"]

1. e4 g6 2. d4 Bg7 3. Nf3 d6 4. Be3 Nf6 5. Nc3 O-O 6. Qd2 c6 7. Bh6 b5 8. Bd3 b4 9. Ne2 a5 10. h4 Bxh6 11. Qxh6 Ng4 12. Qd2 h5 13. e5 Ba6 14. e6 f5 15. Ng5 Bxd3 16. cxd3 Kg7 17. Nf7 Qb6 18. f3 Rxf7 19. exf7 Nf6 20. Qh6+ Kxf7 21. Nf4 1-0


[Site "https://www.chess.com"]

[Event "Titled Tuesday Blitz July 26 Late 2022"]
[White "Zeynalli, Rashad"]
[Black "Jorquera, Marcelo"]
[WhiteFideId "13403320"]
[BlackFideId "3401197"]
[WhiteElo "2125"]
[BlackElo "2136"]
[Result "1-0"]
[Round "09"]
[TimeControl "180+1"]
[Date "2022.07.27"]
[WhiteClock "0:01:06"]
[BlackClock "0:00:01"]

1. d4 Nf6 2. Bf4 c5 3. e3 Qb6 4. Na3 cxd4 5. exd4 d6 6. Nc4 Qc7 7. Nf3 g6 8. Be2 Bg7 9. O-O O-O 10. h3 b6 11. Nfd2 Bb7 12. Bf3 Nc6 13. c3 Rac8 14. a4 Ba6 15. Re1 Nb8 16. Ne3 Bb7 17. Bxb7 Qxb7 18. Qf3 Qxf3 19. Nxf3 Rfe8 20. g4 Kf8 21. g5 Nfd7 22. Nd5 Nc6 23. Re2 f6 24. Rae1 Kf7 25. gxf6 Nxf6 26. Ng5+ Kg8 27. Nxf6+ Bxf6 28. Ne4 Kf7 29. Nxf6 Kxf6 30. Bxd6 Kf7 31. Ba3 Na5 32. Rxe7+ Rxe7 33. Rxe7+ Kf6 34. Rxa7 h5 35. Ra6 Rc6 36. d5 Rc8 37. Rxb6+ Kf5 38. d6 Nc4 39. d7 Rd8 40. Rb7 Ne5 41. Be7 Rxd7 42. Rxd7 Nxd7 43. a5 Ke6 44. Bd8 Kd6 45. a6 Kc6 46. b4 Nb8 47. a7 1-0


[Site "https://www.chess.com"]

[Event "Titled Tuesday Blitz July 26 Late 2022"]
[White "Zhigalko, Sergei"]
[Black "Domingo Nunez, Ruben"]
[WhiteFideId "13502956"]
[BlackFideId "22245570"]
[WhiteElo "2662"]
[BlackElo "2373"]
[Result "1-0"]
[Round "09"]
[TimeControl "180+1"]
[Date "2022.07.26"]
[WhiteClock "0:01:33"]
[BlackClock "0:00:49"]

1. e4 Nc6 2. Nf3 d5 3. exd5 Qxd5 4. Nc3 Qa5 5. d4 Bg4 6. Bb5 Nf6 7. h3 Bd7 8. O-O O-O-O 9. Bd2 a6 10. a4 Qb6 11. Be3 Nb4 12. Ne5 Be6 13. d5 Qa5 14. Nc4 Nbxd5 15. Nxa5 Nxe3 16. Qf3 Ned5 17. Bc4 g6 18. Rad1 Bg7 19. Nxd5 Nxd5 20. Bxd5 1-0


[Site "https://www.chess.com"]

[Event "Titled Tuesday Blitz July 26 Late 2022"]
[White "Aaron, Deepak"]
[Black "Vagman, Roy"]
[WhiteFideId "2009412"]
[BlackFideId "2828995"]
[WhiteElo "2629"]
[BlackElo "1956"]
[Result "1-0"]
[Round "10"]
[TimeControl "180+1"]
[Date "2022.07.26"]
[WhiteClock "0:00:16"]
[BlackClock "0:00:19"]

1. e4 c5 2. Nf3 Nc6 3. Bb5 g6 4. Bxc6 dxc6 5. O-O Bg7 6. h3 e5 7. a3 Qe7 8. b4 Nf6 9. Bb2 Nd7 10. bxc5 Nxc5 11. d3 O-O 12. Nbd2 Na4 13. Bc1 f5 14. exf5 Bxf5 15. Ne4 h6 16. Re1 Rad8 17. Bd2 g5 18. c3 b5 19. d4 g4 20. Nxe5 gxh3 21. Ng3 Qh4 22. Nxf5 Rxf5 23. g3 h2+ 24. Kg2 Qf6 25. f4 Qd6 26. Kxh2 Bxe5 27. Qg4+ Bg7 28. Qxf5 Kh8 29. Re6 Qd7 30. Rae1 Rf8 31. Rxh6+ Bxh6 32. Qxd7 Bg7 33. Re7 Nb6 34. Qh3+ Kg8 35. Qe6+ Kh8 36. Qg6 Rg8 37. Qh5+ Bh6 38. Qxh6# 1-0


[Site "https://www.chess.com"]

[Event "Titled Tuesday Blitz July 26 Late 2022"]
[White "Agasarov, Benik"]
[Black "Vivekananthan, Anish"]
[WhiteFideId "13314823"]
[BlackFideId "2090775"]
[WhiteElo "2620"]
[BlackElo "2772"]
[Result "0-1"]
[Round "10"]
[TimeControl "180+1"]
[Date "2022.07.26"]
[WhiteClock "0:00:02"]
[BlackClock "0:00:23"]

1. e4 c6 2. Nc3 d5 3. Qe2 Nf6 4. e5 d4 5. exf6 dxc3 6. fxe7 cxd2+ 7. Bxd2 Bxe7 8. O-O-O Qc7 9. g3 Be6 10. Bg2 O-O 11. Kb1 Bf6 12. Qe3 Re8 13. Qa3 Nd7 14. Bc3 Be7 15. Qa4 Nc5 16. Qd4 Bf8 17. Qh4 a5 18. Nf3 Bf5 19. Qg5 Bg6 20. Nh4 Ne4 21. Bxe4 Bxe4 22. Rhe1 b5 23. Rxe4 Rxe4 24. Nf5 Re6 25. h4 Rg6 26. Qe3 Rd8 27. Re1 Re6 28. Be5 Rxe5 0-1


[Site "https://www.chess.com"]

[Event "Titled Tuesday Blitz July 26 Late 2022"]
[White "Alexiadis, Hristos"]
[Black "Souleidis, Georgios"]
[WhiteFideId "4249623"]
[BlackFideId "4206827"]
[WhiteElo "2416"]
[BlackElo "2401"]
[Result "1-0"]
[Round "10"]
[TimeControl "180+1"]
[Date "2022.07.26"]
[WhiteClock "0:00:05"]
[BlackClock "0:00:08"]

1. d4 Nf6 2. c4 g6 3. Nc3 Bg7 4. e3 d6 5. Nge2 O-O 6. g3 e5 7. Bg2 Re8 8. O-O c6 9. Rb1 a5 10. a3 Qc7 11. b4 axb4 12. axb4 Bf5 13. e4 Bg4 14. Be3 Qc8 15. d5 cxd5 16. cxd5 Bh3 17. Qd3 Bxg2 18. Kxg2 Nbd7 19. Nb5 Qb8 20. Rfc1 Rd8 21. f3 Bf8 22. Rc2 Rc8 23. Rbc1 Rxc2 24. Qxc2 Ne8 25. g4 Be7 26. Ng3 Qd8 27. Qd2 Rc8 28. Rxc8 Qxc8 29. Qc1 Qxc1 30. Bxc1 Bd8 31. Nf1 Bb6 32. Be3 Kf8 33. Kf2 Ke7 34. Nd2 Bxe3+ 35. Kxe3 Nb6 36. Kd3 Kd7 37. Nb3 Nc7 38. Nc3 Na6 39. Na2 Kc7 40. Na5 Nc8 41. h4 f6 42. Kc4 Ne7 43. Nc3 b6 44. Nc6 Nc8 45. Nb5+ Kd7 46. Kb3 Ne7 47. Nc3 Nc7 48. Na7 Nc8 49. Nxc8 Kxc8 50. Kc4 Kd7 51. Nb5 Ne8 52. Na7 Kc7 53. Nc6 Kb7 54. Nd8+ Kc7 55. Ne6+ Kb7 56. Nf8 h6 57. Nxg6 Nc7 58. b5 Ne8 59. Ne7 Kc7 60. h5 Kd7 61. Nf5 1-0


[Site "https://www.chess.com"]

[Event "Titled Tuesday Blitz July 26 Late 2022"]
[White "Andreikin, Dmitry"]
[Black "Yoo, Christopher Woojin"]
[WhiteFideId "4158814"]
[BlackFideId "30909694"]
[WhiteElo "2736"]
[BlackElo "2105"]
[Result "1-0"]
[Round "10"]
[TimeControl "180+1"]
[Date "2022.07.26"]
[WhiteClock "0:00:37"]
[BlackClock "0:00:01"]

1. d4 Nf6 2. c4 e6 3. Nf3 d5 4. g3 dxc4 5. Bg2 a6 6. O-O Nc6 7. Bg5 Be7 8. e3 Rb8 9. Qc1 h6 10. Bxf6 Bxf6 11. Qxc4 e5 12. d5 Ne7 13. Nc3 b5 14. Qb3 Bf5 15. Rfd1 O-O 16. Rac1 Nc8 17. Nd2 Nd6 18. Nce4 Be7 19. Qc3 Nxe4 20. Bxe4 Bxe4 21. Nxe4 Bd6 22. Qa5 f5 23. Nxd6 cxd6 24. Qxd8 Rfxd8 25. Rc6 a5 26. Rdc1 b4 27. Ra6 Rbc8 28. Rxc8 Rxc8 29. Rxa5 Rc2 30. b3 Kf7 31. h4 e4 32. Ra7+ Kf6 33. Rd7 Ke5 34. Rxg7 Rxa2 35. Rb7 Rb2 36. Rxb4 Kxd5 37. Rb5+ Ke6 38. b4 h5 39. Rb8 d5 40. b5 Kf7 41. b6 Kg7 42. Kf1 Rb1+ 43. Ke2 Rb2+ 44. Ke1 Rb1+ 45. Kd2 Rb3 46. Kc2 Rb4 47. Kc3 Rc4+ 48. Kb3 Rc1 49. Kb4 Rc2 50. b7 Rxf2 51. Rg8+ Kxg8 52. b8=Q+ Kf7 53. Kc5 Rf3 54. Kxd5 Rf1 55. Ke5 1-0


[Site "https://www.chess.com"]

[Event "Titled Tuesday Blitz July 26 Late 2022"]
[White "Ardila, Oscar Humberto"]
[Black "Garrido, Denis"]
[WhiteFideId "4404742"]
[BlackFideId "601217"]
[WhiteElo "1956"]
[BlackElo "2394"]
[Result "1-0"]
[Round "10"]
[TimeControl "180+1"]
[Date "2022.07.27"]
[WhiteClock "0:00:28"]
[BlackClock "0:00:01"]

1. d4 Nf6 2. c4 g6 3. Nc3 Bg7 4. Nf3 O-O 5. e3 d6 6. Be2 Nbd7 7. O-O e5 8. dxe5 dxe5 9. Qc2 Re8 10. Rd1 Qe7 11. b3 Nc5 12. Ba3 Bf5 13. Qb2 c6 14. Nh4 Bg4 15. Nf3 Bf8 16. h3 Bxf3 17. Bxf3 e4 18. Be2 Qe5 19. Qc2 Bd6 20. g3 h5 21. h4 Re6 22. Bb2 Ng4 23. Nb5 cxb5 24. Bxe5 Nxe5 25. cxb5 Ncd3 26. Kg2 Rf6 27. Rf1 Bb4 28. a3 Ba5 29. b4 Bb6 30. Bxd3 exd3 31. Qc3 Re8 32. Rad1 Ree6 33. e4 Rf3 34. Rd2 f6 35. a4 Kf7 36. a5 Bd8 37. Qc8 Be7 38. Qxb7 g5 39. hxg5 fxg5 40. b6 axb6 41. axb6 h4 42. Qd5 h3+ 43. Kh1 Kf6 44. b7 Rb6 45. b5 1-0


[Site "https://www.chess.com"]

[Event "Titled Tuesday Blitz July 26 Late 2022"]
[White "Arencibia Monduy, Antonio"]
[Black "Oro, Luis"]
[WhiteFideId "3507939"]
[BlackFideId "104094"]
[WhiteElo "2472"]
[BlackElo "2364"]
[Result "1-0"]
[Round "10"]
[TimeControl "180+1"]
[Date "2022.07.27"]
[WhiteClock "0:00:45"]
[BlackClock "0:00:01"]

1. c4 e5 2. Nc3 Nc6 3. g3 Nf6 4. Bg2 Bb4 5. a3 Bxc3 6. bxc3 O-O 7. d3 d5 8. cxd5 Nxd5 9. Bd2 Be6 10. c4 Nb6 11. Rb1 Rb8 12. Nf3 f6 13. O-O e4 14. Ne1 exd3 15. exd3 Ne5 16. Be3 Bf5 17. c5 Nd5 18. Qb3 Be6 19. Qc2 Kh8 20. d4 Ng4 21. Qd2 g5 22. h3 Nh6 23. Nd3 Qd7 24. Kh2 c6 25. Nb4 Nxb4 26. axb4 Bd5 27. f4 g4 28. h4 Nf5 29. Rbe1 Rfe8 30. Bg1 h5 31. Bxd5 Qxd5 32. Re2 Rxe2+ 33. Qxe2 Nxd4 34. Bxd4 Qxd4 35. Rd1 Qc3 36. f5 Rg8 37. Rd7 Qe5 38. Qd2 Rg7 39. Qh6+ 1-0


[Site "https://www.chess.com"]

[Event "Titled Tuesday Blitz July 26 Late 2022"]
[White "Arnold, Ken"]
[Black "Capp, Stephen"]
[WhiteFideId "2056836"]
[BlackFideId "2027089"]
[WhiteElo "2267"]
[BlackElo "2216"]
[Result "1-0"]
[Round "10"]
[TimeControl "180+1"]
[Date "2022.07.27"]
[WhiteClock "0:00:24"]
[BlackClock "0:00:01"]

1. d4 Nf6 2. c4 e6 3. Nf3 Bb4+ 4. Bd2 Qe7 5. e3 Nc6 6. Bd3 Bxd2+ 7. Qxd2 d6 8. Nc3 O-O 9. O-O e5 10. Bc2 h6 11. Rfd1 Bg4 12. h3 Bxf3 13. gxf3 exd4 14. exd4 Qd7 15. Kh2 Ne7 16. Rg1 Ng6 17. Bxg6 fxg6 18. Rxg6 Qf5 19. Qxh6 Nh5 20. Rag1 Qf4+ 21. Qxf4 Rxf4 22. R6g5 Rh4 23. Nd5 Rf8 24. R1g4 Rxg4 25. hxg4 Nf4 26. Nxc7 Ne2 27. Ne6 Rxf3 28. Kg2 Rf7 29. c5 dxc5 30. Rxc5 Rd7 31. Rc8+ Kf7 32. Ng5+ Kg6 33. Nf3 Nxd4 34. Nxd4 Rxd4 35. Kg3 Rd2 36. b3 Rxa2 37. Rc7 b5 38. Rb7 Ra5 39. b4 Ra3+ 40. f3 Ra1 41. Rxb5 Kf7 42. Ra5 Rxa5 43. bxa5 g5 44. f4 gxf4+ 45. Kxf4 Kg6 46. a6 1-0


[Site "https://www.chess.com"]

[Event "Titled Tuesday Blitz July 26 Late 2022"]
[White "Baltaci, Ismail Tarik"]
[Black "Goncalves, Davi Sulzbacher"]
[WhiteFideId "6365213"]
[BlackFideId "2154510"]
[WhiteElo "2283"]
[BlackElo "2107"]
[Result "0-1"]
[Round "10"]
[TimeControl "180+1"]
[Date "2022.07.27"]
[WhiteClock "0:00:02"]
[BlackClock "0:00:45"]

1. e4 d5 2. exd5 Qxd5 3. Nc3 Qa5 4. d4 Nc6 5. d5 Ne5 6. Bf4 Ng6 7. Be3 Nf6 8. Bb5+ Bd7 9. a4 O-O-O 10. Nf3 e6 11. O-O exd5 12. Bxd7+ Rxd7 13. Nb5 a6 14. Nbd4 c5 15. Nb3 Qc7 16. Re1 d4 17. Bg5 Be7 18. Nbd2 Nd5 19. Bxe7 Ndxe7 20. Nc4 Rhd8 21. a5 Kb8 22. Ra3 Nd5 23. Rb3 Ka7 24. Nb6 Rd6 25. Nc4 Rf6 26. Nfe5 Ngf4 27. Rg3 g6 28. Qg4 h5 29. Qg5 Rf5 30. Qh6 Re8 31. Qg7 Re6 32. Qg8 h4 33. Rb3 Rfxe5 34. Nxe5 Rxe5 35. Rxe5 Qxe5 36. Rxb7+ Kxb7 37. Qxf7+ Nc7 38. Qb3+ Kc6 39. Qb6+ Kd7 0-1


[Site "https://www.chess.com"]